 Dungeon Crawl Stone Soup version 0.25-a0-528-g6b7c99946c (webtiles) character file.

Game seed: 4085774113542833277, levelgen mode: deterministic

77 kae the Insei (level 4, 0/35 HPs)
             Began as a Demonspawn Gladiator on Feb 19, 2020.
             Succumbed to a scorpion's poison
             ... on level 3 of the Dungeon.
             The game lasted 00:03:48 (2639 turns).

kae the Insei (Demonspawn Gladiator)                Turns: 2639, Time: 00:03:48

Health: 0/35       AC:  7    Str: 15    XL:     4   Next: 14%
Magic:  4/4        EV: 12    Int:  9    God:
Gold:   146        SH:  0    Dex: 15    Spells: 3/3 levels left

rFire    . . .     SeeInvis .   i - +4 short sword
rCold    . . .     Gourm    .   (no shield)
rNeg     . . .     Faith    .   a - +0 leather armour
rPois    .         Spirit   .   b - +0 helmet
rElec    .         Reflect  .   (no cloak)
rCorr    .         Harm     .   (no gloves)
MR       .....                  m - +2 pair of boots
Stlth    ++........             (no amulet)
HPRegen  0.11/turn              (no ring)
MPRegen  0.09/turn              (no ring)

@: lethally poisoned (0 -> -3), stab, hasted, very quick
A: claws 1, camouflage 1, screaming 1, inhibited regeneration
a: no special abilities


You were on level 3 of the Dungeon.
You were not hungry.

You visited 1 branch of the dungeon, and saw 3 of its levels.

You collected 146 gold pieces.

Inventory:

Hand Weapons
 i - a +4 short sword (weapon)
Missiles
 c - 3 throwing nets (quivered)
Armour
 a - a +0 leather armour (worn)
 b - a +0 helmet (worn)
 m - a +2 pair of boots (worn)
Scrolls
 h - a scroll of teleportation
 j - 2 scrolls of remove curse
 l - a scroll of blinking
Potions
 g - 2 potions of stabbing
Comestibles
 d - 6 rations
 k - 4 chunks of flesh


   Skills:
 + Level 3.0 Fighting
 - Level 1.7 Throwing
 - Level 2.6 Dodging
 * Level 4.0 Unarmed Combat


You had 3 spell levels left.
You didn't know any spells.
Your spell library contained the following spells:

 Spells                   Type           Power        Failure   Level  Hunger
 Animate Skeleton         Necr           N/A          45%         1    ##.....
 Apportation              Tloc           #.....       45%         1    ##.....
 Corona                   Hex            #......      45%         1    ##.....
 Summon Small Mammal      Summ           #...         45%         1    ##.....


Dungeon Overview and Level Annotations

Branches:
Dungeon (3/15)

Altars:
Hepliaklqana
The Shining One


Innate Abilities, Weirdness & Mutations

You have sharp fingernails.
Your skin changes colour to match your surroundings (Stealth+).
You occasionally shout uncontrollably at your foes.
You do not regenerate when monsters are visible.


Message History

The scorpion closely misses you.
Okay, then.
As you read the scroll of fear, it crumbles to dust.
You assume a fearsome visage.
The scorpion looks frightened!
Okay, then.
* * * LOW HITPOINT WARNING * * *
You feel sick.
There is a lethal amount of poison in your body!
Okay, then.
You see here a book of Cantrips.
You pick up a book of Cantrips and begin reading...
You add the spells Corona, Animate Skeleton, Summon Small Mammal and Apportation to your library.
* * * LOW HITPOINT WARNING * * *
You feel sick.
Found a large silver ring.
* * * LOW HITPOINT WARNING * * *
You feel sick.
Found a potion of mutation.
Unknown command.
You die...

..######### ..##
#......# .# ...#
#......#### .. ...#
#..###....# .# ...#
#..#......# .#
...###..#......##.#
##.##......_.....!
#.##.##......#..#
#s.รท.##......#.@#
####.##....###..#
#.#####.....=# #
#.# #.$....# #
#.(.....###### #
######### # # ##


There were no monsters in sight!

Vanquished Creatures
  2 adders (D:2)
  5 worms
  A dart slug (D:2)
  4 leopard geckos
  An orc (D:3)
  5 bats
  A giant cockroach (D:3)
  3 goblins (D:1)
  6 hobgoblins
  A quokka (D:3)
  2 frilled lizards (D:1)
  4 kobolds
  5 rats
40 creatures vanquished.

Notes
Turn   | Place    | Note
-------+----------+-------------------------------------------
     0 | D:1      | kae the Demonspawn Gladiator began the quest for the Orb.
     0 | D:1      | Reached XP level 1. HP: 16/16 MP: 1/1
   538 | D:1      | Reached skill level 3 in Unarmed Combat
   628 | D:1      | Gained mutation: You have sharp fingernails. [demonic
                  | ancestry]
   628 | D:1      | Reached XP level 2. HP: 8/22 MP: 2/2
  1532 | D:2      | Noticed an ice beast
  1537 | D:2      | Reached XP level 3. HP: 28/28 MP: 3/3
  2092 | D:2      | Found a glowing golden altar of the Shining One.
  2417 | D:3      | Reached skill level 4 in Unarmed Combat
  2446 | D:3      | Reached XP level 4. HP: 34/34 MP: 4/4
  2547 | D:3      | Found a hazy altar of Hepliaklqana.
  2624 | D:3      | Gained mutation: You occasionally shout uncontrollably at
                  | your foes. [potion of mutation]
  2624 | D:3      | Gained mutation: You do not regenerate when monsters are
                  | visible. [potion of mutation]
  2624 | D:3      | Gained mutation: Your skin changes colour to match your
                  | surroundings (Stealth+). [potion of mutation]
  2630 | D:3      | HP: 1/35 [poisoned by a scorpion]
  2639 | D:3      | Succumbed to a scorpion's poison

Levels and vault maps discovered:
D:1:      shiori_arrival_oz, layout_rooms, minmay_fountain_box,
          grunt_decor_clamped, minmay_pentomino_z2
D:2:      layout_basic, tso_altar, minmay_indecisive_spiral
D:3:      layout_basic, nicolae_overflow_crystal_walls, lightli_temple_of_fire,
          serial_curves, eino_curves_01, eino_curves_03

Skill      XL: |  1  2  3  4 |
---------------+-------------+-----
Unarmed Combat | 3 4 |  4.0
Fighting       | 3 |  3.0
Throwing       | |  1.7
Dodging        | |  2.6

Action                   |  1- 3 |  4- 6 || total
-------------------------+-------+-------++-------
Melee: Unarmed           |    26 |       ||    26
       Short sword       |    88 |    27 ||   115
       Punch             |     5 |     1 ||     6
  Use: Potion            |     1 |     3 ||     4
       Scroll            |     8 |     1 ||     9
 Stab: Sleeping          |     3 |       ||     3
  Eat: Chunk             |     5 |       ||     5
Armor: Leather armour    |    32 |     7 ||    39
Dodge: Dodged            |    64 |    17 ||    81

Table legend:
 A = Non-vault XP
 B = Vault XP
 C = Vault XP percentage of total XP
 D = Non-vault monster count
 E = Vault monster count
 F = Vault count percentage of total count
                 A         B        C        D         E       F
            +---------+---------+-------+---------+---------+-------
      Total |      86 |      25 |  22.5 |      35 |       5 |  12.5
            +---------+---------+-------+---------+---------+-------
        D:1 |      17 |       3 |  15.0 |      11 |       2 |  15.4
        D:2 |      39 |      22 |  36.1 |      11 |       3 |  21.4
        D:3 |      30 |       0 |   0.0 |      13 |       0 |   0.0
            +---------+---------+-------+---------+---------+-------
